 Dungeon Crawl Stone Soup version 0.24.1-8-ga250c9d538 (webtiles) character file.

Game seed: 3958426087793372616, levelgen mode: deterministic

404 Gwenloh the Poker (level 6, -5/46 HPs)
             Began as a Merfolk Skald on May 8, 2020.
             Killed by divine providence
             ... invoked by an orc priest
              (15 damage)
             ... on level 4 of the Dungeon.
             The game lasted 00:19:50 (3600 turns).

Gwenloh the Poker (Merfolk Skald)                   Turns: 3600, Time: 00:19:50

Health: -5/46      AC:  6    Str: 11    XL:     6   Next: 86%
Magic:  1/10       EV: 13    Int: 15    God:
Gold:   208        SH:  0    Dex: 13    Spells: 5/10 levels left

rFire    . . .     SeeInvis .   a - +1 trident
rCold    . . .     Gourm    .   (no shield)
rNeg     . . .     Faith    .   b - +1 leather armour
rPois    .         Spirit   .   r - +2 hat
rElec    .         Reflect  .   (no cloak)
rCorr    .         Harm     .   (no gloves)
MR       .....                  (no boots)
Stlth    ++........             (no amulet)
HPRegen  0.15/turn              l - ring of stealth
MPRegen  0.12/turn              (no ring)

@: infused
A: change form in water, swift swim, stealthy swim
a: no special abilities


You were on level 4 of the Dungeon.
You were not hungry.

You visited 1 branch of the dungeon, and saw 4 of its levels.

You collected 208 gold pieces.

Inventory:

Hand Weapons
 a - a +1 trident (weapon)
Missiles
 c - 5 datura-tipped darts
 e - 3 atropa-tipped darts
 i - 154 stones (quivered)
Armour
 b - a +1 leather armour (worn)
 o - a +0 helmet
 p - a +0 buckler
 r - a +2 hat (worn)
Jewellery
 l - a ring of stealth (left hand)
Wands
 v - a wand of acid (9)
Scrolls
 g - 3 scrolls of amnesia {unknown}
 h - 4 scrolls of teleportation
 j - 2 scrolls of fear
 k - a scroll of identify
 m - 3 scrolls of noise {unknown}
Potions
 f - a potion of ambrosia {unknown}
 q - a potion of flight {unknown}
 s - a potion of heal wounds {unknown}
 t - a potion of degeneration {unknown}
 u - a potion of curing {unknown}
Comestibles
 d - 7 rations
 n - 6 chunks of flesh


   Skills:
 - Level 2.4 Fighting
 * Level 5.3 Polearms
 + Level 1.7 Throwing
 - Level 0.6 Armour
 + Level 4.3 Dodging
 + Level 1.5 Shields
 + Level 2.7 Spellcasting
 * Level 4.9 Charms
 + Level 1.4 Translocations


You had 5 spell levels left.
You knew the following spells:

 Your Spells              Type           Power        Failure   Level  Hunger
a - Infusion              Chrm           ###.         3%          1    #......
b - Song of Slaying       Chrm           ###.....     5%          2    ##.....
c - Shroud of Golubria    Chrm/Tloc      ##....       11%         2    ##.....

Your spell library contained the following spells:

 Spells                   Type           Power        Failure   Level  Hunger
 Regeneration             Chrm/Necr      #.........   30%         3    ###....
 Spectral Weapon          Hex/Chrm       #.......     30%         3    ###....


Dungeon Overview and Level Annotations

Branches:
Dungeon (4/15)
 Temple: D:4-7

Altars:
Dithmenos
Elyvilon
Trog
Vehumet
Xom
Yredelemnul


Message History

The orc priest hits you but does no damage.
You barely miss the orc priest.
The orc priest is lightly wounded.
The orc priest invokes the aid of Beogh against you.
Beogh smites you!
You barely miss the orc priest.
The orc priest is lightly wounded.
The orc priest hits you with a +0 short sword.
You barely miss the orc priest.
The orc priest is lightly wounded.
The orc priest hits you but does no damage.
You puncture the orc priest!
The orc priest is almost dead.
The orc priest hits you with a +0 short sword.
* * * LOW HITPOINT WARNING * * *
You hit the orc priest.
You kill the orc priest!
The orc priest calls down the wrath of Beogh upon you.
Beogh smites you!
You die...

#####.#####.#.....##.#.#.#.#
............#......#.#.#....
.####.###.....##...#.# #[#
......# #.....##...#.# ...
.###### #.....##)..#.# #.#
.# #.....##...#.# #.# .#
#.###.##...#.#####.## .#
######.##[..#........#####
.#
#.......))@..#..####g......
.#
#.######<##..#.l..oo.l.....
.# #...##)o##)######.g... .#
#.####..##.# †.(.. .#
#.####.....# .lg(. .#
#.......#(.# #..(. .#
#########..# #..gg .#
#####..# #...g ## #......#
#....


You could see an orc priest.

Vanquished Creatures
  A phantom (D:4)
  2 orc priests (D:4)
  An orc wizard (D:4)
  A centaur skeleton (D:4)
  An iguana (D:4)
  A worker ant (D:2)
  5 adders
  An ooze (D:3)
  2 worms
  4 dart slugs
  3 leopard geckos
  6 orcs
  A ball python (D:3)
  7 bats
  5 giant cockroaches
  11 goblins
  9 hobgoblins
  4 jackals (D:1)
  8 kobolds
  A quokka (D:3)
  5 frilled lizards
  6 rats
  A spectral orc (D:2)
86 creatures vanquished.

Vanquished Creatures (others)
  4 toadstools (D:1)
4 creatures vanquished.

Grand Total: 90 creatures vanquished

Notes
Turn   | Place    | Note
-------+----------+-------------------------------------------
     0 | D:1      | Gwenloh the Merfolk Skald began the quest for the Orb.
     0 | D:1      | Reached XP level 1. HP: 16/16 MP: 3/3
   393 | D:1      | Reached XP level 2. HP: 19/22 MP: 1/5
   397 | D:1      | Learned a level 2 spell: Song of Slaying
   400 | D:1      | Learned a level 2 spell: Shroud of Golubria
  1181 | D:2      | Reached XP level 3. HP: 28/28 MP: 0/6
  1368 | D:2      | Found a basalt altar of Yredelemnul.
  1976 | D:3      | Reached XP level 4. HP: 21/34 MP: 0/7
  2097 | D:2      | Reached skill level 4 in Polearms
  2497 | D:3      | Reached skill level 1 in Throwing
  2499 | D:3      | Reached XP level 5. HP: 35/39 MP: 6/8
  2952 | D:3      | Found a shattered altar of Ashenzari.
  2958 | D:3      | Found a radiant altar of Vehumet.
  2958 | D:3      | Found a shadowy altar of Dithmenos.
  2960 | D:3      | Found a white marble altar of Elyvilon.
  2960 | D:3      | Found a shimmering altar of Xom.
  2960 | D:3      | Found a bloodstained altar of Trog.
  2971 | D:3      | Reached skill level 1 in Translocations
  3165 | D:4      | Noticed a phantom
  3222 | D:4      | Killed a phantom
  3222 | D:4      | Reached skill level 5 in Polearms
  3222 | D:4      | Reached skill level 1 in Shields
  3222 | D:4      | Reached XP level 6. HP: 46/46 MP: 3/9
  3600 | D:4      | Killed from afar by an orc priest

Levels and vault maps discovered:
D:1:      ldierk_walled_garden_2, layout_basic
D:2:      layout_loops_ring, yredelemnul_forgotten_temple_becter
D:3:      layout_rooms, doesnt_xom_only_xom
D:4:      layout_basic, first_ration, uniq_robin

Skill      XL: |  1  2  3  4  5 |
---------------+----------------+-----
Dodging        | 3 4 |  4.3
Polearms       | 4 5 |  5.3
Charms         | 4 |  4.9
Throwing       | 1 |  1.7
Translocations | 1 |  1.4
Shields        | 1 |  1.5
Fighting       | |  2.4
Armour         | |  0.6
Spellcasting   | |  2.7

Action                   |  1- 3 |  4- 6 || total
-------------------------+-------+-------++-------
Melee: Spear             |   126 |    14 ||   140
       Trident           |       |   140 ||   140
Throw: Stone             |    21 |    54 ||    75
       Dart              |       |     7 ||     7
 Cast: Infusion          |    10 |     9 ||    19
       Shroud of Golubri |     2 |     7 ||     9
       Song of Slaying   |       |     1 ||     1
  Use: Scroll            |       |     9 ||     9
 Stab: Sleeping          |     5 |     1 ||     6
       Invisible         |       |     1 ||     1
  Eat: Chunk             |     4 |     6 ||    10
Armor: Leather armour    |    20 |    32 ||    52
Dodge: Dodged            |    68 |   108 ||   176
